 Dungeon Crawl Stone Soup version 0.14.0-15-g6b16f67 (webtiles) character file.

137 Heini the Skirmisher (level 3, 0/34 HPs)
             Began as a Minotaur Fighter on Apr 18, 2014.
             Slain by a worm (9 damage)
             ... on Level 2 of the Dungeon.
             The game lasted 00:02:07 (1000 turns).

Heini the Skirmisher (Minotaur Fighter)             Turns: 1000, Time: 00:02:07

HP   0/34        AC  7     Str 20      XL: 3   Next: 75%
MP   2/2         EV  6     Int  5      God:
Gold 79          SH 18     Dex 10      Spells:  0 memorised,  2 levels left

rFire  . . .     SeeInvis .     a - +0 flail
rCold  . . .     Clarity  .     b - +0 scale mail
rNeg   . . .     Conserve .     c - +0 shield
rPois  .         rCorr    .     (helmet restricted)
rElec  .         rRot     .     (no cloak)
SustAb . .       Spirit   .     (no gloves)
rMut   .         Warding  .     (no boots)
Saprov . . .     Stasis   .     (no amulet)
MR     .....                    (no ring)
                                (no ring)

@: lethally poisoned, not resistant to hostile enchantments, extremely
unstealthy
A: retaliatory headbutt, horns 2
a: no special abilities


You were on level 2 of the Dungeon.
You were not hungry.

You visited 1 branch of the dungeon, and saw 2 of its levels.

You collected 79 gold pieces.

Inventory:

Hand weapons
 a - a +0,+0 flail (weapon)
Armour
 b - a +0 scale mail (worn)
 c - a +0 shield (worn)
Comestibles
 d - 2 bread rations
Scrolls
 h - a scroll of enchant weapon II {unknown}
 j - a scroll of noise {unknown}
 m - a scroll of random uselessness {unknown}
 n - 2 scrolls of identify {unknown}
 o - 2 scrolls of enchant armour {unknown}
 p - a scroll of amnesia {unknown}
 q - a scroll of fear {unknown}
Potions
 e - 2 potions of might
 f - 4 potions of curing {unknown}
 g - 2 potions of flight {unknown}
 i - a potion of agility {unknown}
 k - a potion of restore abilities {unknown}
 l - a potion of beneficial mutation {unknown}
 r - a potion of resistance {unknown}


   Skills:
 * Level 4.6 Fighting
 * Level 3.2 Maces & Flails
 * Level 4.4 Armour
 - Level 3.6 Shields


You had 2 spell levels left.
You didn't know any spells.

Dungeon Overview and Level Annotations

Branches:
Dungeon (2/15)

Altars:
Nemelex Xobeh


Innate Abilities, Weirdness & Mutations

You reflexively headbutt those who attack you in melee.
You have a pair of horns on your head.


Message History

The worm is lightly wounded.
The worm bites you.
You hit the worm. You headbutt the worm.
The worm is moderately wounded.
You feel sick.
You hit the worm. You headbutt the worm.
The worm is severely wounded.
The worm bites you!
You barely miss the worm.
The worm is severely wounded.
You feel sick. The worm bites you.
* * * LOW HITPOINT WARNING * * *
You are too injured to fight recklessly!
You are too injured to fight recklessly!
You hit the worm.
The worm is severely wounded.
You hit the worm.
The worm is almost dead.
You feel sick. The worm bites you!
You die...

#....# #.# #.# #.# #....#
#.# #.# #.#
#....####.####.#######.###
#....%...................#
#########.####.#######.#.#
#.# .... #.#.# #.# .....
#.#.# ########.#.......
#.#.# ........@w.......
#.#.# ########.#_......
#.#.# #.#...... #.#.# #.#
.......###.#.# ...
.............. ...
#.######....# ... #....#
..... ........# ...
#######.#


You could see a worm.

Vanquished Creatures
  An adder (D:2)
  3 worms (D:2)
  6 bats
  3 goblins (D:1)
  4 hobgoblins
  7 kobolds
  3 giant cockroaches
  3 rats
30 creatures vanquished.

Notes
Turn   | Place    | Note
--------------------------------------------------------------
     0 | D:1      | Heini, the Minotaur Fighter, began the quest for the Orb.
     0 | D:1      | Reached XP level 1. HP: 19/19 MP: 1/1
     2 | D:1      | Noticed a felid
     2 | D:1      | Noticed a troll
     4 | D:1      | Noticed a ghoul
     6 | D:1      | Noticed an elf
     6 | D:1      | Noticed a formicid
     8 | D:1      | Noticed a spriggan
     8 | D:1      | Noticed a tengu
    10 | D:1      | Noticed an octopode
    10 | D:1      | Noticed a dwarf
    12 | D:1      | Noticed an ogre
    14 | D:1      | Noticed a naga
    14 | D:1      | Noticed a demonspawn
    16 | D:1      | Noticed a draconian
    18 | D:1      | Noticed a minotaur
    18 | D:1      | Noticed a gargoyle
    20 | D:1      | Noticed a merfolk
    22 | D:1      | Noticed a human
    22 | D:1      | Noticed a demigod
    24 | D:1      | Noticed a vine stalker
    26 | D:1      | Noticed a vampire
    26 | D:1      | Noticed a centaur
   200 | D:1      | Reached skill level 4 in Fighting
   204 | D:1      | Reached XP level 2. HP: 27/27 MP: 1/1
   686 | D:2      | Reached XP level 3. HP: 15/34 MP: 2/2
   988 | D:2      | Found a sparkling altar of Nemelex Xobeh.
  1000 | D:2      | Slain by a worm

Action                   || total
-------------------------++-------
Melee: Flail             ||    85
